 Dungeon Crawl Stone Soup version 0.31-a0-167-g1c394c0614 (webtiles) character file.

Game seed: 3778673757580117108

550 pascalblue the Conjurer (level 7, -4/36 HPs)
             Began as a Deep Elf Conjurer on June 7, 2023.
             Slain by an ogre
             ... wielding a +0 giant club
              (11 damage)
             ... on level 5 of the Dungeon on June 14, 2023.
             The game lasted 00:11:20 (4532 turns).

pascalblue the Conjurer (Deep Elf Conjurer)         Turns: 4532, Time: 00:11:21

Health: -4/36      AC:  2    Str:  4    XL:     7   Next: 7%
Magic:  11/17      EV: 12    Int: 25    God:
Gold:   303        SH:  0    Dex: 13    Spells: 5/17 levels left

rFire   . . .        f - +1 short sword (venom)
rCold   . . .        (no shield)
rNeg    . . .        a - +0 robe
rPois   .            (no helmet)
rElec   .            (no cloak)
rCorr   .            (no gloves)
SInv    .            (no boots)
Will    .....        (no amulet)
Stlth   ++           (no ring)
HPRegen 0.26/turn    (no ring)
MPRegen 0.15/turn

%: no passive effects
@: no status effects
A: no striking features
a: no special abilities


You were on level 5 of the Dungeon.
You visited 1 branch of the dungeon, and saw 5 of its levels.

You collected 303 gold pieces.

Inventory:

Hand Weapons
 d - a +0 short sword
 f - a +1 short sword of venom (weapon)
Missiles
 l - 8 poisoned darts
Armour
 a - a +0 robe (worn)
Wands
 n - a wand of polymorph (9)
Scrolls
 c - 3 scrolls of noise
 p - a scroll of amnesia {unknown}
Potions
 b - a potion of magic
 e - a potion of degeneration {unknown}
 g - 2 potions of ambrosia
 h - a potion of brilliance {unknown}
 i - 2 potions of lignification {unknown}
 j - a potion of might {unknown}
 k - a potion of curing
 m - a potion of heal wounds
 o - a potion of mutation {unknown}


   Skills:
 - Level 2.4 Dodging
 - Level 2.4 Stealth
 + Level 5.7 Spellcasting
 + Level 6.8 Conjurations
 * Level 3.8 Hexes
 * Level 3.1 Earth Magic


You had 5 spell levels left.
You knew the following spells:

 Your Spells              Type           Power      Damage    Failure   Level
a - Magic Dart            Conj           100%       1d8       1%          1
b - Searing Ray           Conj           82%        2d7       1%          2
c - Fulminant Prism       Conj/Hex       16%        3d11      9%          4
d - Lee's Rapid Deconstr  Erth           11%        3d8*      50%         5

Your spell library contained the following spells:

 Spells                   Type           Power      Damage    Failure   Level
 Dazzling Flash           Conj/Hex       66%        N/A       2%          3
 Iskenderun's Mystic Bla  Conj/Tloc      24%        2d7       19%         4
 Leda's Liquefaction      Hex/Erth       12%        N/A       19%         4
 Leda's Unmaking          Conj/Erth      16%        9d3       83%         6
 Statue Form              Tmut/Erth      10%        N/A       99%         6


Dungeon Overview and Level Annotations

Branches:
Dungeon (5/15)
 Temple: D:4-7

Altars:
Ru


Message History

(Press . to maintain the ray.)
The hound pauses to sniff the ground.
The hound misses you.
The searing ray hits the hound.
The hound is almost dead.
The hound bites you. The hound closely misses you.
The searing ray hits the hound.
You kill the hound!
You finish channelling your searing ray.
Unknown command.
i - 2 murky amethyst potions (gained 1)
p - a scroll labelled HUIXZISSEN You now have 303 gold pieces (gained 8).
An ogre comes into view. It is wielding a +0 giant club.
Casting: Searing Ray (safe; 1% risk of failure)
Confirm with . or Enter, or press ? or * to list all spells.
Aiming: Magic Dart (safe; 1% risk of failure)
Press: ? - help, Shift-Dir - straight line, f - ogre
Aim: an ogre, wielding a +0 giant club (100% to hit)
The magic dart hits the ogre but does no damage.
Casting: Magic Dart (safe; 1% risk of failure)
Confirm with . or Enter, or press ? or * to list all spells.
Aiming: Searing Ray (safe; 1% risk of failure)
Press: ? - help, Shift-Dir - straight line, f/p - ogre
Aim: an ogre, wielding a +0 giant club (91% to hit)
The searing ray hits the ogre.
The ogre is lightly wounded. (Press . to maintain the ray.)
The ogre hits you with a +0 giant club!
The searing ray hits the ogre.
The ogre is heavily wounded.
The searing ray hits the ogre.
The ogre is heavily wounded.
The ogre hits you with a +0 giant club!
* * * LOW HITPOINT WARNING * * *
The searing ray hits the ogre!
The ogre is almost dead.
You finish channelling your searing ray.
The ogre hits you with a +0 giant club!
You die...

#.#####.# #
#######.#####.# ##
#..........##.# #.
#.#####.##.##.# ##.
#. ###.##.##.###.#
#. ##(#............
#.##...##########..
#O#.....##########.
#.@......##........
###.....###.#####..
#####...#...>.####..
#......##.....#.....
#.#######.......##..
#.# #........... #.#
#.....###.## #.#
####### #.## #.#
#.##


You could see an ogre.

Vanquished Creatures
  An ogre (D:4)
  A black bear (D:5)
  A kobold brigand (D:5)
  A scorpion (D:4)
  A hound (D:5)
  A sleepcap (D:4)
  2 iguanas (D:4)
  4 adders
  An ufetubus (D:4)
  A worm (D:3)
  3 dart slugs
  8 orcs
  5 ball pythons
  8 endoplasms
  2 giant cockroaches
  5 goblins
  10 hobgoblins
  8 jackals
  14 kobolds
  3 quokkas
  3 bats
  3 frilled lizards
  3 rats
89 creatures vanquished.

Notes
Turn   | Place    | Note
-------+----------+-------------------------------------------
     0 | D:1      | pascalblue the Deep Elf Conjurer began the quest for the
                  | Orb.
     0 | D:1      | Reached XP level 1. HP: 10/10 MP: 6/6
   280 | D:1      | Reached XP level 2. HP: 15/15 MP: 5/8
   640 | D:1      | Reached skill level 5 in Conjurations
   797 | D:1      | Learned a level 2 spell: Searing Ray
  1069 | D:2      | Reached XP level 3. HP: 19/19 MP: 5/10
  1955 | D:2      | Reached XP level 4. HP: 24/24 MP: 9/12
  1960 | D:2      | Learned a level 4 spell: Fulminant Prism
  2492 | D:3      | Upgraded the game from 0.31-a0-149-g3fdcc5976a to
                  | 0.31-a0-167-g1c394c0614
  2712 | D:3      | Reached skill level 6 in Conjurations
  2981 | D:4      | Noticed a scorpion
  2986 | D:4      | Killed a scorpion
  2987 | D:4      | Reached XP level 5. HP: 28/28 MP: 7/14
  3040 | D:4      | Learned a level 5 spell: Lee's Rapid Deconstruction
  3097 | D:4      | Reached skill level 5 in Spellcasting
  3099 | D:4      | Noticed an ogre
  3138 | D:4      | Killed an ogre
  3139 | D:4      | Reached skill level 1 in Earth Magic
  3139 | D:4      | Reached XP level 6. HP: 32/32 MP: 4/15
  3669 | D:4      | Found a sacrificial altar of Ru.
  4098 | D:5      | Entered Level 5 of the Dungeon
  4288 | D:5      | Reached XP level 7. HP: 36/36 MP: 11/17
  4532 | D:5      | Slain by an ogre

Illustrated notes

Levels and vault maps discovered:
D:1:      erik_arrival_orb_chamber, layout_loops_ring, st_stairs_10,
          chequers_jeans
D:2:      layout_loops_corners
D:3:      layout_basic
D:4:      layout_basic, nicolae_overflow_crystal_walls
D:5:      layout_loops_cross

Skill      XL: |  1  2  3  4  5  6 |
---------------+-------------------+-----
Conjurations   | 5 6 |  6.8
Spellcasting   | 4 5 |  5.7
Hexes          | 2 3 |  3.8
Earth Magic    | 1 3 |  3.1
Dodging        | |  2.4
Stealth        | |  2.4

Action                     |  1- 3 |  4- 6 |  7- 9 || total
---------------------------+-------+-------+-------++-------
   Cast: Magic Dart        |    77 |   103 |     8 ||   188
         Searing Ray       |     1 |     8 |     2 ||    11
    Use: Scroll            |     2 |     5 |     1 ||     8
 Armour: Robe              |     8 |     4 |       ||    12
  Dodge: Dodged            |    19 |    14 |     2 ||    35

Table legend: (Time is in decaauts)
 A = Elapsed time spent in this place.
 B = Non-inter-level travel time spent in this place.
 C = Inter-level travel time spent in this place.
 D = Time resting spent in this place.
 E = Time spent auto-exploring this place.
 F = Levels seen in this place.
 G = Mean time per level.
                   A        B        C        D        E       F      G
               +--------+--------+--------+--------+--------+-----+--------+
         Total |   4530 |   4429 |    101 |     54 |   3906 |   5 |  906.0 |
       Dungeon |   4530 |   4429 |    101 |     54 |   3906 |   5 |  906.0 |
               +--------+--------+--------+--------+--------+-----+--------+

Top non-repeatable levels by time:
     D:4: 1118 daAuts
     D:2: 1052 daAuts
     D:1: 1045 daAuts
     D:3: 879 daAuts
     D:5: 433 daAuts
